 Dungeon Crawl Stone Soup version 0.26-a0-43-g20b394cb32 (webtiles) character file.

Game seed: 7140992170885625444

96 Essalna the Chiller (level 4, -10/26 HPs)
             Began as a Gargoyle Ice Elementalist on June 2, 2020.
             Killed by divine providence
             ... invoked by an orc priest
              (12 damage)
             ... on level 4 of the Dungeon.
             The game lasted 00:06:40 (2974 turns).

Essalna the Chiller (Gargoyle Ice Elementalist)     Turns: 2974, Time: 00:06:40

Health: -10/26     AC:  5    Str: 11    XL:     4   Next: 67%
Magic:  7/7        EV: 12    Int: 20    God:
Gold:   100        SH:  0    Dex: 10    Spells: 4/8 levels left

rFire    . . .     SeeInvis .   g - +12 dagger of Expedience {vorpal, *Corrode +Rage rElec Int+3}
rCold    . . .     Gourm    .   (no shield)
rNeg     + . .     Faith    .   a - +0 robe
rPois    ∞         Spirit   .   (no helmet)
rElec    +         Reflect  .   (no cloak)
rCorr    .         Harm     .   (no gloves)
MR       .....                  (no boots)
Stlth    +.........             (no amulet)
HPRegen  0.08/turn              j - ring of attention (curse)
MPRegen  0.10/turn              (no ring)

@: no status effects
A: negative energy resistance 1, electricity resistance, unbreathing,
petrification resistance, rot immunity, AC +3
a: Evoke Berserk Rage


You were on level 4 of the Dungeon.
You were not hungry.

You visited 1 branch of the dungeon, and saw 4 of its levels.

You collected 100 gold pieces.

Inventory:

Hand Weapons
 d - a +0 dagger
 g - the +12 dagger of Expedience (weapon) {vorpal, *Corrode +Rage rElec Int+3}
   (You found it on level 4 of the Dungeon)

   It inflicts extra damage upon your enemies.
   It affects your intelligence (+3).
   It insulates you from electricity.
   It lets you go berserk.
   It may corrode you when you take damage.
Armour
 a - a +0 robe (worn)
Jewellery
 j - a cursed ring of attention (left hand)
Wands
 l - a wand of flame (15)
Scrolls
 b - 2 scrolls of remove curse {unknown}
 e - a scroll of identify {unknown}
 m - a scroll of magic mapping {unknown}
 n - a scroll of teleportation {unknown}
Potions
 f - a potion of stabbing {unknown}
 h - a potion of curing {unknown}
 i - a potion of ambrosia {unknown}
 k - a potion of heal wounds {unknown}
Comestibles
 c - 7 rations


   Skills:
 + Level 1.7 Fighting
 + Level 1.7 Armour
 + Level 2.2 Dodging
 - Level 2.1 Stealth
 + Level 2.6 Spellcasting
 + Level 4.4 Ice Magic


You had 4 spell levels left.
You knew the following spells:

 Your Spells              Type           Power        Failure   Level  Hunger
a - Freeze                Ice            ###.         2%          1    None
b - Frozen Ramparts       Ice            ###...       8%          3    ###....

Your spell library contained the following spells:

 Spells                   Type           Power        Failure   Level  Hunger
 Ozocubu's Armour         Chrm/Ice       ##......     19%         3    ###....
 Hailstorm                Conj/Ice       ##......     52%         4    ####...
 Summon Ice Beast         Ice/Summ       ##......     52%         4    ####...


Dungeon Overview and Level Annotations

Branches:
Dungeon (4/15)
 Temple: D:4-7

Altars:
Fedhas


Innate Abilities, Weirdness & Mutations

You are resistant to torment.
Your stone body is resilient. (AC +3)
You are immune to poison.
You resist negative energy. (rN+)
You are resistant to electric shocks. (rElec)
You can survive without breathing.
You are immune to petrification.
You are immune to rotting.


Message History

The orc priest moves out of view.
An orc comes into view.
The orc shouts!
The orc priest shouts!
The orc priest mumbles some strange prayers to Beogh against you.
Beogh smites you!
Ouch! That really hurt!
Found a leather armour and a robe.
The orc priest looks encouraged for a moment.
An orc comes into view. It is wielding a +0 club.
The orc priest is too close now for your liking.
A frilled lizard comes into view.
The orc priest miscasts a cantrip.
An ogre comes into view. It is wielding a +0 giant club.
The ogre shouts!
The frilled lizard barely misses you. The frilled lizard bites you.
The ogre hits you with a +0 giant club!
* * * LOW HITPOINT WARNING * * *
The orc priest calls down the wrath of Beogh upon you.
Beogh smites you!
You die...

#.# #.# #.# #.#
######.# #......#
#......#####
#.....@....#
#.....l###.#
#.....O+
##.o....#####
#............
#######o###########
[..+.......#........
...##.###...........
.o.... #...........


You could see an ogre, 2 orc priests and a frilled lizard.

Vanquished Creatures
  3 adders (D:2)
  2 worms (D:2)
  2 dart slugs
  2 leopard geckos
  A ball python (D:1)
  5 bats
  2 giant cockroaches (D:1)
  7 goblins
  9 hobgoblins
  2 jackals (D:2)
  5 kobolds
  A quokka (D:2)
  5 frilled lizards
  9 rats
55 creatures vanquished.

Notes
Turn   | Place    | Note
-------+----------+-------------------------------------------
     0 | D:1      | Essalna the Gargoyle Ice Elementalist began the quest for
                  | the Orb.
     0 | D:1      | Reached XP level 1. HP: 10/10 MP: 3/3
   143 | D:1      | Reached XP level 2. HP: 5/16 MP: 0/5
   726 | D:1      | Reached skill level 1 in Fighting
   726 | D:1      | Reached skill level 1 in Armour
   726 | D:1      | Reached XP level 3. HP: 7/20 MP: 0/6
   734 | D:1      | Learned a level 3 spell: Frozen Ramparts
  1489 | D:2      | Reached XP level 4. HP: 21/25 MP: 4/7
  2669 | D:3      | Noticed an orc warrior
  2884 | D:4      | Got a brightly glowing dagger
  2885 | D:4      | Identified the +12 dagger of Expedience {vorpal, *Corrode
                  | +Rage rElec Int+3} (You found it on level 4 of the Dungeon)
  2910 | D:4      | Found a blossoming altar of Fedhas.
  2968 | D:4      | Noticed an ogre
  2974 | D:4      | Killed from afar by an orc priest

Illustrated notes

Levels and vault maps discovered:
D:1:      psy_arrival_basics, layout_rooms, minmay_pentomino_w2
D:2:      layout_basic, st_stairs_8, minmay_guardbox
D:3:      layout_basic, first_ration, minmay_ogre_servants, uniq_jessica
D:4:      layout_basic, nicolae_overflow_hidden_temple, grunt_decor_arrowhead,
          fedhas_ov_isle_minmay

Skill      XL: |  1  2  3 |
---------------+----------+-----
Fighting       | 1 |  1.7
Armour         | 1 |  1.7
Dodging        | 2 |  2.2
Stealth        | |  2.1
Spellcasting   | |  2.6
Ice Magic      | |  4.4

Action                   |  1- 3 |  4- 6 || total
-------------------------+-------+-------++-------
Melee: Unarmed           |    16 |       ||    16
       Dagger            |    28 |    17 ||    45
 Cast: Freeze            |    40 |    33 ||    73
       Frozen Ramparts   |     1 |     1 ||     2
  Eat: Chunk             |     3 |     4 ||     7
Armor: Robe              |    33 |    21 ||    54
Dodge: Dodged            |    48 |    33 ||    81

Table legend:
 A = Non-vault XP
 B = Vault XP
 C = Vault XP percentage of total XP
 D = Non-vault monster count
 E = Vault monster count
 F = Vault count percentage of total count
                 A         B        C        D         E       F
            +---------+---------+-------+---------+---------+-------
      Total |      87 |      51 |  37.0 |      41 |      14 |  25.5
            +---------+---------+-------+---------+---------+-------
        D:1 |      31 |       3 |   8.8 |      17 |       2 |  10.5
        D:2 |      39 |      48 |  55.2 |      17 |      12 |  41.4
        D:3 |      14 |       0 |   0.0 |       6 |       0 |   0.0
        D:4 |       3 |       0 |   0.0 |       1 |       0 |   0.0
            +---------+---------+-------+---------+---------+-------
